 Dungeon Crawl Stone Soup version 0.27-a0-1139-g28e009f8a6 (webtiles) character file.

Game seed: 17004807245184628613

181 jordank93 the Sneak (level 5, -17/32 HPs)
             Began as a Kobold Brigand on May 7, 2021.
             Was an Initiate of Gozag.
             Demolished by an ogre
             ... wielding a +0 giant spiked club
              (20 damage)
             ... on level 4 of the Dungeon.
             The game lasted 00:40:00 (4668 turns).

jordank93 the Sneak (Kobold Brigand)                Turns: 4668, Time: 00:40:00

Health: -17/32     AC:  5    Str:  8    XL:     5   Next: 92%
Magic:  7/7        EV: 12    Int: 13    God:    Gozag
Gold:   538        SH:  0    Dex: 17    Spells: 6/6 levels left

rFire    . . .     SeeInvis .   j - +2 dagger (holy)
rCold    . . .     Faith    .   (shield restricted)
rNeg     . . .     Spirit   .   r - +0 ring mail
rPois    .         Reflect  .   (no helmet)
rElec    .         Harm     .   o - scarf {repulsion}
rCorr    +         Rampage  .   (no gloves)
Will     .....                  (no boots)
Stlth    ++++......             (no amulet)
HPRegen  0.10/turn              n - ring of resist corrosion
MPRegen  0.10/turn              (no ring)

@: repel missiles
A: small, no large weapons, nightstalker 3
a: Renounce Religion, Potion Petition, Call Merchant, Bribe Branch


You were on level 4 of the Dungeon.
You worshipped Gozag.
Gozag was pleased with you.
You visited 1 branch of the dungeon, and saw 5 of its levels.

You collected 538 gold pieces.

Inventory:

Hand Weapons
 a - a +2 dagger
 h - a +0 mace
 j - a +2 dagger of holy wrath (weapon)
Missiles
 d - 9 poisoned darts (quivered)
 e - 7 curare-tipped darts
 f - 112 stones
 p - 31 sling bullets
 s - 3 silver javelins
 t - 2 javelins
 y - 2 boomerangs
Armour
 b - a +0 robe
 c - a +0 cloak
 m - a +0 leather armour
 o - a scarf of repulsion (worn)
 r - a +0 ring mail (worn)
 v - a +0 scale mail
Jewellery
 n - a ring of resist corrosion (left hand)
Scrolls
 g - a scroll of silence {unknown}
 i - a scroll of noise {unknown}
 q - a scroll of teleportation {unknown}
 x - a scroll of amnesia {unknown}
Potions
 k - 5 potions of curing
 l - a potion of attraction {unknown}
 u - 2 potions of heal wounds {unknown}
 w - a potion of ambrosia {unknown}


   Skills:
 * Level 3.1 Fighting
 * Level 4.0 Short Blades
 - Level 2.3 Throwing
 * Level 1.0 Armour
 * Level 2.2 Dodging
 + Level 6.8 Stealth
 * Level 1.3 Spellcasting


You had 6 spell levels left.
You didn't know any spells.
Your spell library contained the following spells:

 Spells                   Type           Power      Damage    Failure   Level
 Shock                    Conj/Air       0%         1d3       63%         1
 Static Discharge         Conj/Air       0%         N/A       77%         2
 Swiftness                Air            0%         N/A       94%         3
 Airstrike                Air            0%         N/A       100%        4
 Lightning Bolt           Conj/Air       0%         1d11      100%        5


Dungeon Overview and Level Annotations

Branches:
Dungeon (5/15)
 Temple: D:4-7

Altars:
Gozag


Innate Abilities, Weirdness & Mutations

You are small and have problems with some larger weapons.
You are completely attuned to the shadows.


Message History

The ogre looks more healthy.
You throw a poisoned dart. The poisoned dart hits the ogre.
The ogre is poisoned.
The ogre is moderately wounded.
The ogre barely misses you.
A goblin comes into view. It is wielding a +0 dagger.
You hit the ogre.
The ogre is heavily wounded.
The ogre closely misses you.
The ogre looks more healthy.
You throw a poisoned dart. The poisoned dart hits the ogre.
The ogre is poisoned.
The ogre is heavily wounded.
The ogre misses you.
The ogre looks more healthy.
You see here a poisoned dart.
You throw a poisoned dart. The poisoned dart hits the ogre.
The ogre is poisoned.
The ogre is severely wounded.
The ogre barely misses you.
You throw a poisoned dart. The poisoned dart hits the ogre.
The ogre looks even sicker.
The ogre is severely wounded.
You throw a poisoned dart.
The poisoned dart barely misses the ogre.
The ogre hits you with a +0 giant spiked club.
The ogre looks more healthy.
You throw a poisoned dart. The poisoned dart hits the ogre.
The ogre is almost dead.
The ogre hits you with a +0 giant spiked club!!
Ouch! That really hurt!
* * * LOW HITPOINT WARNING * * *
You are too injured to fight recklessly!
You are too injured to fight recklessly!
You see here a poisoned dart.
There is a stone staircase leading down here.
The ogre hits you with a +0 giant spiked club!!
Ouch! That really hurt!
You die...
Your body crumbles into a pile of gold.

#.....### #.......#
.......# ######.....#
#.(........## #.###.......#
#######.# #.......#
.....##.###.......######
.#.#...(.......@..#.(..#
......###.#....O..(.##.#
.#.#.## #....##.######.###
.....# ###..##.##.....(.#
..#..######.(##.##.###.#...
.........##.....##.# #.#.##
########.###.....#(# #.# .
#######.........#.# .#
#.........#.#.....#


You could see an ogre.

Vanquished Creatures
  A vampire bat (D:3)
  A hound (D:5)
  3 adders
  An adder zombie (D:2)
  An adder skeleton (D:2)
  A worm (D:2)
  A dart slug (D:4)
  9 ball pythons
  2 bat skeletons (D:2)
  6 endoplasms
  9 giant cockroaches
  7 goblins
  2 hobgoblins
  3 kobolds (D:1)
  A quokka (D:2)
  A ball python skeleton (D:2)
  13 bats
  2 giant cockroach zombies (D:2)
  5 rats
69 creatures vanquished.

Vanquished Creatures (others)
  A withered plant (D:2)
1 creature vanquished.

Grand Total: 70 creatures vanquished

Notes
Turn   | Place    | Note
-------+----------+-------------------------------------------
     0 | D:1      | jordank93 the Kobold Brigand began the quest for the Orb.
     0 | D:1      | Reached XP level 1. HP: 12/12 MP: 1/1
   156 | D:1      | Found a faded altar of an unknown god.
   174 | D:1      | Became a worshipper of Gozag Ym Sagoz the Greedy
   186 | D:1      | Reached XP level 2. HP: 17/17 MP: 2/2
   755 | D:1      | Reached skill level 6 in Stealth
   755 | D:1      | Reached XP level 3. HP: 5/22 MP: 3/3
  1726 | D:2      | Reached XP level 4. HP: 21/27 MP: 4/4
  2812 | D:4      | Noticed a phantom
  3070 | D:5      | Entered Level 5 of the Dungeon
  3109 | D:5      | Reached skill level 1 in Spellcasting
  3109 | D:5      | Reached XP level 5. HP: 26/32 MP: 6/6
  3919 | D:3      | Reached skill level 1 in Armour
  4594 | D:4      | Noticed an ogre
  4668 | D:4      | Demolished by an ogre

Illustrated notes

Levels and vault maps discovered:
D:1:      dpeg_arrival_boxorama, layout_loops_ring,
          shapermc_ecumenical_altar_venn
D:2:      layout_basic, serial_undead, serial_undead_a, serial_undead_a,
          serial_undead_a, serial_undead_e, kennysheep_another_room,
          minmay_misc_feat_encased, minmay_worlds_worst_comb
D:3:      layout_basic, roderic_batcave
D:4:      layout_basic, serial_shops,
          nicolae_shop_temple_entry_statues_fountains, serial_glass,
          glass_columns_a, glass_columns_c, glass_columns_a, glass_columns_a,
          glass_columns_a, glass_columns_a, glass_columns_a, glass_columns_b,
          uniq_grinder, uniq_sigmund
D:5:      layout_gridville, dk_yredelemnul_ordeal, grunt_decor_junction,
          serial_park_tiny_1, uniq_blork_the_orc, uniq_duvessa

Skill      XL: |  1  2  3  4  5 |
---------------+----------------+-----
Stealth        | 6 |  6.8
Short Blades   | 3 4 |  4.0
Dodging        | 2 |  2.2
Spellcasting   | 1 |  1.3
Fighting       | 3 |  3.1
Armour         | 1 |  1.0
Throwing       | |  2.3

Action                   |  1- 3 |  4- 6 || total
-------------------------+-------+-------++-------
Melee: Dagger            |    79 |   139 ||   218
Throw: Dart              |       |    40 ||    40
  Use: Potion            |       |     1 ||     1
 Stab: Sleeping          |    24 |     6 ||    30
Armor: Robe              |     3 |       ||     3
       Skin              |     4 |     1 ||     5
       Ring mail         |       |    48 ||    48
       Leather armour    |       |     1 ||     1
Dodge: Dodged            |    25 |    96 ||   121

Table legend: (Time is in decaauts)
 A = Elapsed time spent in this place.
 B = Non-inter-level travel time spent in this place.
 C = Inter-level travel time spent in this place.
 D = Time resting spent in this place.
 E = Time spent auto-exploring this place.
 F = Levels seen in this place.
 G = Mean time per level.
                   A        B        C        D        E       F      G
               +--------+--------+--------+--------+--------+-----+--------+
         Total |   4631 |   4032 |    599 |    239 |   2001 |   5 |  926.2 |
       Dungeon |   4631 |   4032 |    599 |    239 |   2001 |   5 |  926.2 |
               +--------+--------+--------+--------+--------+-----+--------+

Top non-repeatable levels by time:
     D:3: 1343 daAuts
     D:1: 1329 daAuts
     D:2: 1286 daAuts
     D:4: 603 daAuts
     D:5: 68 daAuts
